 Dungeon Crawl Stone Soup version 0.18-a0-1574-g3f9d221 (webtiles) character file.

136 Psiweapon the Chopper (level 5, -1/42 HPs)
             Began as a Hill Orc Gladiator on Mar 16, 2016.
             Slain by a worker ant (7 damage)
             ... on level 4 of the Dungeon.
             The game lasted 00:05:48 (1679 turns).

Psiweapon the Chopper (Hill Orc Gladiator)          Turns: 1679, Time: 00:05:48

Health: -1/42      AC:  4    Str: 18    XL:     5   Next: 19%
Magic:  5/5        EV: 12    Int:  8    God:
Gold:   80         SH:  0    Dex: 12    Spells: 0 memorised, 4 levels left

rFire  . . .     SeeInvis .     a - +0 war axe
rCold  . . .     Gourm    .     h - +0 leather armour
rNeg   . . .     Faith    .     (no shield)
rPois  .         Spirit   .     c - +0 helmet
rElec  .         Dismiss  .     (no cloak)
rCorr  .         Reflect  .     (no gloves)
SustAt .         Harm     .     (no boots)
MR     .....                    (no amulet)
Stlth  +.........               (no ring)
                                (no ring)

@: lethally poisoned (-1 -> -12), not resistant to hostile enchantments, very
unstealthy
A: no striking features
a: no special abilities


You were on level 4 of the Dungeon.
You were hungry.

You visited 1 branch of the dungeon, and saw 4 of its levels.

You collected 80 gold pieces.

Inventory:

Hand Weapons
 a - a +0 war axe (weapon)
 b - a +0 hunting sling
Missiles
 d - 3 throwing nets
 j - 10 tomahawks (quivered)
 m - 68 stones
Armour
 c - a +0 helmet (worn)
 h - a +0 leather armour (worn)
 n - a +0 large shield
Scrolls
 e - 2 scrolls of random uselessness {unknown}
 k - a scroll of remove curse {unknown}
 p - a scroll of recharging {unknown}
 r - 2 scrolls of teleportation {unknown}
 t - 3 scrolls of identify {unknown}
Potions
 l - a potion of agility {unknown}
 q - a potion of cancellation {unknown}
 s - a potion of heal wounds {unknown}
 u - 2 potions of invisibility {unknown}
Comestibles
 f - 4 bread rations
 g - 2 beef jerkies
 i - 4 fruits
 o - 2 meat rations
 v - 10 chunks of flesh


   Skills:
 - Level 2.4 Fighting
 + Level 7.5 Axes
 - Level 1.7 Throwing
 - Level 2.4 Dodging


You had 4 spell levels left.
You didn't know any spells.

Dungeon Overview and Level Annotations

Branches:
Dungeon (4/15)
 Temple: D:4-7

Altars:
Elyvilon


Message History

You are lethally poisoned!
The worker ant poisons you!
You hit the worker ant but do no damage.
The worker ant is lightly wounded.
You feel sick.
The worker ant bites you but does no damage.
You closely miss the worker ant.
The worker ant is lightly wounded.
* * * LOW HITPOINT WARNING * * *
You feel sick. The worker ant barely misses you. The worker ant bites you.
* * * LOW HITPOINT WARNING * * *
You barely miss the worker ant.
The worker ant is lightly wounded.
* * * LOW HITPOINT WARNING * * *
You feel sick. The worker ant misses you.
You hit the worker ant.
The worker ant is moderately wounded.
* * * LOW HITPOINT WARNING * * *
You feel sick. The worker ant bites you!
You die...

###
#a#
#@#
#.#
#.#
#.#
#.#
#.#
#.#
#.#


You could see a worker ant.

Vanquished Creatures
  Natasha (D:2)
  A gnoll (D:2)
  5 adders (D:2)
  3 giant geckos
  3 bats
  5 giant cockroaches
  8 hobgoblins
  7 jackals
  A ball python (D:1)
  4 giant newts
  5 goblins
  4 kobolds
  4 rats (D:1)
51 creatures vanquished.

Notes
Turn   | Place    | Note
--------------------------------------------------------------
     0 | D:1      | Psiweapon the Hill Orc Gladiator began the quest for the Orb.
     0 | D:1      | Reached XP level 1. HP: 18/18 MP: 1/1
   104 | D:1      | Reached XP level 2. HP: 16/25 MP: 2/2
   336 | D:1      | Reached skill level 5 in Axes
   361 | D:2      | Reached XP level 3. HP: 25/30 MP: 3/3
   554 | D:3      | Reached skill level 6 in Axes
   934 | D:1      | Reached XP level 4. HP: 37/37 MP: 4/4
  1490 | D:2      | Reached skill level 7 in Axes
  1576 | D:2      | Noticed Natasha
  1585 | D:2      | Killed Natasha
  1585 | D:2      | Reached XP level 5. HP: 35/42 MP: 5/5
  1652 | D:3      | Found a white marble altar of Elyvilon.
  1679 | D:4      | Slain by a worker ant

Vault maps used:
D:1:      minmay_arrival_radiant_lines, st_stairs_11
D:2:      first_bread, uniq_natasha
D:3:      lemuel_doored_altar, st_stairs_4, minivault_27, elyvilon_altar_4
D:4:      wad_pebble_path, okawaru_metal_pillars_1_2

Skill      XL: |  1  2  3  4 |
---------------+-------------+-----
Axes           | 5 6 7 |  7.5
Fighting       | |  2.4
Throwing       | |  1.7
Dodging        | |  2.4

Action                   |  1- 3 |  4- 6 || total
-------------------------+-------+-------++-------
Melee: War axe           |    73 |    40 ||   113
 Fire: Hunting sling     |    17 |    24 ||    41
Throw: Tomahawk          |     1 |    21 ||    22
  Eat: Chunk             |       |     2 ||     2
